 Dungeon Crawl Stone Soup version 0.31-a0-180-g519b7de00c (webtiles) character file.

Game seed: 11691760916266805204

95772 AvylaarBelgium the Eclecticist (level 15, -3/75 HPs)
             Began as a Deep Elf Conjurer on June 18, 2023.
             Was a High Priest of Vehumet.
             Shot with an arrow by a centaur warrior (12 damage)
             ... on level 1 of the Shoals on June 20, 2023.
             The game lasted 02:58:00 (18421 turns).

AvylaarBelgium the Eclecticist (Deep Elf Conjurer) Turns: 18421, Time: 02:58:01

Health: -3/75      AC: 12    Str:  4    XL:     15   Next: 30%
Magic:  41/42      EV: 25    Int: 31    God:    Vehumet [*****.]
Gold:   2454       SH:  5    Dex: 11    Spells: 4/50 levels left

rFire   x . .        B - staff of air
rCold   + . .        y - +1 buckler {rC+}
rNeg    + . .        a - +2 robe {Will+}
rPois   +            E - +0 helmet of Broken Taboos {Will+ Slay+3}
rElec   +            H - +2 cloak
rCorr   +            p - +0 pair of gloves
SInv    .            k - +2 pair of boots
Will    ++++.        X - amulet of magic regeneration
Stlth   +++          W - ring of the Hare {EV+10}
HPRegen 0.32/turn    b - ring of Peace {rPois rF- rN+ Will+ rCorr}
MPRegen 0.68/turn

%: no passive effects
@: hasted, studying Staves, very quick
A: hooves 1, clumsy 1, frail 1, high MP 1
}: 1/15 runes: barnacled
a: Renounce Religion


You were on level 1 of the Shoals.
You worshipped Vehumet.
Vehumet was extremely pleased with you.
You visited 5 branches of the dungeon, and saw 23 of its levels.
You also visited: Sewer, Bailey and Ice Cave.

You collected 2772 gold pieces.
You spent 318 gold pieces at shops.

Inventory:

Hand Weapons
 x - a +1 scythe of protection
 U - the +8 rapier "Waogujir" {heavy, rC+}
   (You found it on level 1 of the Lair of Beasts)

   rC:        It protects you from cold.
Missiles
 o - 6 atropa-tipped darts
 r - a silver javelin
 J - 2 silver boomerangs (quivered)
 N - 3 throwing nets
Armour
 a - a +2 robe of willpower (worn)
 k - a +2 pair of boots (worn)
 p - a +0 pair of gloves (worn)
 y - a +1 buckler of cold resistance (worn)
 C - a +2 kite shield of cold resistance
 E - the +0 helmet of Broken Taboos (worn) {Will+ Slay+3}
   (You found it on level 5 of the Lair of Beasts)

   Slay:      It affects your accuracy & damage with ranged weapons and melee
   (+3).
   Will:      It increases your willpower.
 H - a +2 cloak (worn)
Magical Staves
 B - a staff of air (weapon)
Jewellery
 b - the ring of Peace (right hand) {rPois rF- rN+ Will+ rCorr}
   (You acquired it on level 4 of the Lair of Beasts)

   [ring of poison resistance]

   rF:        It makes you vulnerable to fire.
   rPois:     It protects you from poison.
   rN:        It protects you from negative energy.
   rCorr:     It protects you from acid and corrosion.
   Will:      It increases your willpower.
 m - a ring of protection from fire
 w - a ring of flight
 K - a +6 ring of intelligence
 P - an amulet of reflection
 R - a ring of ice
 W - the ring of the Hare (left hand) {EV+10}
   (You found it on level 2 of the Lair of Beasts)

   [ring of evasion]

   EV:        It affects your evasion (+10).
 X - an amulet of magic regeneration (around neck)
 Y - an amulet of regeneration
 Z - the ring of Hiateumi {rElec rC+ rN+ Str-3}
   (You found it in an ice cave)

   [ring of protection from cold]

   Str:       It affects your strength (-3).
   rC:        It protects you from cold.
   rElec:     It insulates you from electricity.
   rN:        It protects you from negative energy.
Wands
 c - a wand of polymorph (7)
 e - a wand of paralysis (1)
 i - a wand of acid (5)
 L - a wand of roots (7)
 V - a wand of mindburst (3)
Scrolls
 d - 3 scrolls of torment
 g - a scroll of revelation
 l - 2 scrolls of amnesia
 n - 2 scrolls of teleportation
 q - 2 scrolls of identify
 t - 2 scrolls of poison
 v - 3 scrolls of immolation
 A - a scroll of silence
 I - a scroll of summoning
 S - 2 scrolls of enchant weapon
Potions
 h - 2 potions of cancellation
 z - 2 potions of lignification
 D - 3 potions of attraction
 F - 2 potions of ambrosia
 M - 5 potions of brilliance
 O - a potion of resistance
Miscellaneous
 s - a tin of tremorstones (2/2)


   Skills:
 - Level 6.0 Fighting
 - Level 11.0 Dodging
 - Level 7.2 Stealth
 - Level 3.3 Shields
 - Level 18.1 Spellcasting
 - Level 14.0 Conjurations
 - Level 13.0 Summonings
 + Level 2.6 Necromancy
 - Level 5.4 Fire Magic
 - Level 7.0 Ice Magic
 - Level 4.0 Air Magic
 * Level 3.7 Earth Magic
 - Level 4.6 Poison Magic


You had 4 spell levels left.
You knew the following spells:

 Your Spells              Type           Power      Damage    Failure   Level
a - Magic Dart            Conj           100%       1d8       0%          1
b - Conjure Ball Lightni  Conj/Air       45%        3x3d16    2%          6
c - Dazzling Flash        Conj/Hex       100%       N/A       1%          3
d - Fulminant Prism       Conj/Hex       32%        3d15      1%          4
e - Iskenderun's Mystic   Conj/Tloc      64%        2d13      1%          4
f - Summon Ice Beast      Ice/Summ       74%        N/A       1%          4
g - Swiftness             Air            68%        N/A       1%          3
h - Olgreb's Toxic Radia  Pois           54%        N/A       1%          4
i - Arcjolt               Conj/Air       45%        1d55      1%          5
j - Spellforged Servitor  Conj/Summ      42%        N/A       2%          7
k - Borgnjor's Vile Clut  Necr/Erth      23%        N/A       21%         5

Your spell library contained the following spells:

 Spells                   Type           Power      Damage    Failure   Level
 Yara's Violent Unravell  Hex/Tmut       14%        3d7       19%         5
 Searing Ray              Conj           100%       2d8       0%          2
 Foxfire                  Conj/Fire      100%       2x1d9     1%          1
 Kiss of Death            Conj/Necr      100%       2d13      1%          1
 Necrotise                Necr           100%       1d9       1%          1
 Shock                    Conj/Air       100%       1d9       1%          1
 Poisonous Vapours        Pois/Air       100%       N/A       1%          2
 Sublimation of Blood     Necr           44%        N/A       1%          2
 Frozen Ramparts          Ice            100%       1d16      1%          3
 Mephitic Cloud           Conj/Pois/Air  84%        N/A       1%          3
 Airstrike                Air            34%        2d(5-21)  1%          4
 Animate Armour           Summ/Erth      100%       N/A       1%          4
 Sticky Flame             Conj/Fire      73%        2d9       1%          4
 Summon Lightning Spire   Summ/Air       88%        N/A       1%          4
 Slow                     Hex            100%       N/A       2%          1
 Vampiric Draining        Necr           44%        2d9       2%          3
 Wereblood                Tmut           28%        N/A       4%          2
 Ice Form                 Ice/Tmut       49%        N/A       6%          4
 Confusing Touch          Hex            28%        N/A       8%          3
 Dispel Undead            Necr           44%        3d17      9%          4
 Passage of Golubria      Tloc           28%        N/A       26%         4
 Fireball                 Conj/Fire      36%        3d15      1%          5
 Freezing Cloud           Conj/Ice/Air   44%        6-21      1%          5
 Starburst                Conj/Fire      36%        6d11      2%          6
 Summon Mana Viper        Hex/Summ       62%        N/A       4%          5
 Monstrous Menagerie      Summ           41%        N/A       11%         7
 Summon Hydra             Summ           41%        N/A       11%         7
 Plasma Beam              Fire/Air       36%        2x1d49    16%         6
 Agony                    Necr           44%        N/A       26%         5
 Alistair's Intoxication  Tmut/Pois      28%        N/A       28%         5
 Silence                  Hex/Air        28%        N/A       32%         5
 Eringya's Noxious Bog    Tmut/Pois      21%        N/A       36%         6
 Blade Hands              Tmut           14%        N/A       58%         5
 Lehudib's Crystal Spear  Conj/Erth      35%        10d9      71%         8


Dungeon Overview and Level Annotations

Branches:
Dungeon (11/15)            Temple (1/1) D:4            Lair (5/5) D:9
 Shoals (4/4) Lair:2        Slime (2/5) Lair:4        Sewer (visited)
 Bailey (visited)           IceCv (visited)
  Snake: Lair:2-3    Spider: Lair:2-3       Orc: D:9-12

Altars:
Cheibriados
Elyvilon
Fedhas
Gozag
Kikubaaqudgha
Makhleb
Nemelex Xobeh
Ru
Sif Muna
Trog
Uskayaw
Vehumet
Wu Jian
Xom
Yredelemnul
The Shining One
Jiyva
Lugonu

Shops:
D:5 *   D:6 :**[?

Portals:
Abyss: D:5

Annotations:
D:8 Maurice
D:10 3 runed translucent doors, mitkoXXVII's ghost, journeyman OgAE
Shoals:3 exclusion: downstairs
Shoals:4 Mara


Innate Abilities, Weirdness & Mutations

You have large cloven feet.
You are clumsy. (Dex -2)
You are frail. (-10% HP)
You have an increased reservoir of magic. (+10% MP)


Message History

Unknown command.
Unknown command.
Casting: Arcjolt (dangerous; 1% risk of failure)
Confirm with . or Enter, or press ? or * to list all spells.
Okay, then.
Unknown command.
Okay, then.
Unknown command.
Aiming: Paralyse
Press: ? - help, Shift-Dir - straight line, f - centaur warrior
Aim: a centaur warrior, wielding a +0 shortbow (chance to affect: 31%)
Okay, then.
Unknown command.
Unknown command.
Okay, then.
Unknown command.
Unknown command.
You feel yourself speed up.
The centaur warrior shoots an arrow.
You block the arrow.
Casting: Arcjolt (dangerous; 1% risk of failure)
Confirm with . or Enter, or press ? or * to list all spells.
Okay, then.
Okay, then.
Press: ? - help, v - describe, . - travel Some shallow water.
Unknown command.
Okay, then.
Okay, then.
You feel better.
As you read the scroll of teleportation, it crumbles to dust.
You feel strangely unstable.
The centaur warrior shoots an arrow.
The arrow completely misses you.
The wind drake exhales a fierce blast of wind!
You are knocked back by the gust of wind.
Splash!
The wind drake exhales a fierce blast of wind!
You are knocked back by the gust of wind.
Your surroundings seem slightly different.
The centaur warrior shoots an arrow.
The arrow hits you!
You die...

~~~~~.~~~~..~~~~~~≈~~~~~~~~~~~
~~~~~~~~~~~~~~~~~≈≈≈≈~~~....~~
~~≈~~~~~~~~~..~~~~≈≈≈≈~~..~~..
~~~~~~~~~~~~~....~~≈≈≈≈~~~~...
~~~~~......~~~..~~≈≈≈≈≈≈~~....
~~....#......#...~~~~~≈≈≈...#
~~....#.....##....~~.~~c....##
...~~....~........~~~k~†.~...#
~~~~~~(....†....@.~~~~~~~~~...
~~~~~~.............~≈≈~~~~~~~~
~~~~~~~~.~~........~≈≈≈≈~~~~~.
~~~~~~~~~~~~~..§..~~≈≈≈≈~..~~~
~~~~~~~~~~~~~~~~~~~~≈≈≈≈~~~.~~
≈~~~~~≈≈≈≈≈≈~~~~~~~≈≈≈≈≈≈~~~~~
≈≈≈≈≈≈≈≈≈≈≈≈≈≈≈≈≈≈≈≈≈≈≈≈≈≈~~~≈
≈≈≈≈≈≈≈≈≈≈≈≈≈≈≈≈≈≈≈≈≈≈≈≈≈≈
≈≈≈≈≈≈≈≈≈≈≈≈≈≈≈≈≈≈≈


You could see a wind drake (repels missiles) and a centaur warrior.

Vanquished Creatures
  A dire elephant (Lair:5)
  A merfolk javelineer (Shoals:2)
  Josephine (Lair:4)
  2 merfolk impalers
  A catoblepas (Lair:1)
  2 hydras
  2 alligator snapping turtles
  A centaur warrior (Shoals:3)
  A satyr (Shoals:4)
  A death yak (Lair:5)
  3 skysharks
  5 sea snakes
  3 nameless horrors
  A bog body (IceCv)
  A necromancer (IceCv)
  An oklob plant (Lair:4)
  2 harpies (Shoals:2)
  2 manticores (Shoals:3)
  4 fauns
  3 water nymphs
  2 ice statues (IceCv)
  2 merfolk sirens
  6 black mambas
  4 cane toads
  A freezing wraith (IceCv)
  4 rime drakes
  2 komodo dragons
  2 anaconda simulacra (IceCv)
  7 ice devils (IceCv)
  A troll (D:6)
  4 merfolk
  3 wind drakes
  2 hornets
  2 polar bears (Lair:5)
  11 blink frogs
  6 raiju (Lair:5)
  2 dream sheep (Lair:5)
  3 slime creatures (Slime:1)
  A snapping turtle (Shoals:1)
  Sigmund (D:3)
  A vampire (D:9)
  4 water elementals
  A wyvern (Lair:5)
  A wraith (D:9)
  9 yaks
  2 basilisks
  A steam dragon (D:7)
  A death yak simulacrum (IceCv)
  2 harpy simulacra (IceCv)
  A warg (Lair:5)
  5 hydra simulacra (IceCv)
  8 water moccasins
  5 hell hounds (Lair:5)
  5 black bears
  2 ice beasts
  3 orc warriors
  An ogre (D:6)
  23 wolves
  The ghost of Eddy6969 the Conjurer, an amateur DrCj of Sif Muna (D:3)
  5 centaurs
  12 bullfrogs
  2 gnoll sergeants (Bailey)
  3 scorpions
  A two-headed ogre simulacrum (IceCv)
  4 wights (D:9)
  5 killer bees
  2 bullfrog zombies (D:3)
  3 howler monkeys (D:9)
  5 hounds
  6 orc priests
  A sleepcap (D:4)
  A gnoll bouda (Bailey)
  3 iguanas
  Terence (D:3)
  8 orc wizards
  2 hell rats (Lair:4)
  A spriggan simulacrum (IceCv)
  Robin (D:3)
  9 gnolls
  12 adders
  A naga simulacrum (IceCv)
  A shadow imp (D:7)
  A white imp (D:7)
  4 worms
  A dart slug (D:2)
  32 orcs
  13 endoplasms
  29 giant cockroaches
  23 goblins
  7 hobgoblins
  5 jackals
  12 quokkas
  12 ball pythons
  9 bats
  16 frilled lizards
  A goblin skeleton (D:7)
  2 hobgoblin zombies (D:7)
  7 kobolds
  2 kobold skeletons (D:7)
  An orc zombie (D:7)
  7 rats
  4 fulminant prisms
457 creatures vanquished.

Vanquished Creatures (collateral kills)
  2 merfolk javelineers (Shoals:4)
  4 merfolk impalers
  6 hydras
  A boulder beetle (Lair:5)
  2 catoblepae
  2 satyrs (Shoals:4)
  4 death yaks
  A harpy (Shoals:2)
  A lindwurm (Lair:5)
  3 fauns
  3 manticores
  7 elephants
  3 water nymphs
  3 merfolk sirens
  A torpor snail (Lair:5)
  6 cane toads
  4 rime drakes
  5 komodo dragons
  12 merfolk
  2 trolls (D:10)
  7 polar bears (Lair:5)
  A wind drake (Shoals:1)
  A nameless horror (Lair:4)
  A hornet (Lair:5)
  3 blink frogs
  2 snapping turtles
  3 dream sheep (Shoals:1)
  A slime creature (Slime:1)
  2 water elementals
  2 wyverns
  4 wraiths (Lair:4)
  8 yaks
  2 basilisks
  3 wargs (Lair:5)
  9 water moccasins
  6 hell hounds (Lair:5)
  An orc warrior (D:9)
  10 black bears
  2 ogres (D:6)
  9 wolves
  A centaur (D:9)
  10 bullfrogs
  A scorpion (D:9)
  A gnoll sergeant (Bailey)
  2 killer bees (D:8)
  2 howler monkeys (D:8)
  2 gnoll boudas
  An orc priest (D:6)
  A sleepcap (D:7)
  An orc wizard (D:6)
  4 hell rats (Lair:4)
  2 gnolls
  5 orcs
  A hobgoblin zombie (D:7)
  An orc skeleton (D:7)
  6 ball lightnings
190 creatures vanquished.

Vanquished Creatures (others)
  8 ball lightnings
  156 fulminant prisms
  A lurking horror (D:5)
  4 tentacles (Shoals:1)
169 creatures vanquished.

Grand Total: 816 creatures vanquished

Notes
Turn   | Place    | Note
-------+----------+-------------------------------------------
     0 | D:1      | AvylaarBelgium the Deep Elf Conjurer began the quest for
                  | the Orb.
     0 | D:1      | Reached XP level 1. HP: 10/10 MP: 6/6
   209 | D:1      | Reached XP level 2. HP: 15/15 MP: 6/8
   257 | D:1      | Reached skill level 4 in Spellcasting
   542 | D:2      | Identified the +0 cloak "Jorchonk" {Str+4 Slay+2 Stlth-}
   558 | D:2      | Reached XP level 3. HP: 16/19 MP: 7/11
   627 | D:2      | Reached skill level 5 in Conjurations
   687 | D:2      | Reached skill level 5 in Spellcasting
   801 | D:2      | Reached XP level 4. HP: 24/24 MP: 10/13
  1188 | D:2      | Learned a level 2 spell: Searing Ray
  1581 | D:3      | Noticed Sigmund
  1611 | D:3      | Noticed Terence
  1703 | D:3      | Noticed Robin
  1706 | D:3      | Killed Robin
  1761 | D:3      | Reached skill level 6 in Spellcasting
  1779 | D:3      | Killed Terence
  1780 | D:3      | Reached XP level 5. HP: 24/28 MP: 1/15
  1785 | D:3      | Found a runed translucent gate.
  1785 | D:3      | Found a runed translucent gate.
  1785 | D:3      | Found a runed translucent gate.
  1785 | D:3      | Noticed Eddy6969's ghost (amateur DrCj)
  1973 | D:3      | Found a glowing drain.
  2002 | Sewer    | Entered a sewer
  2161 | Sewer    | Reached skill level 7 in Spellcasting
  2232 | Sewer    | Learned a level 3 spell: Dazzling Flash
  2379 | Sewer    | Reached XP level 6. HP: 32/32 MP: 6/18
  2601 | D:3      | Learned a level 4 spell: Fulminant Prism
  2621 | D:3      | Killed Sigmund
  2622 | D:3      | Reached skill level 8 in Spellcasting
  2622 | D:3      | Reached XP level 7. HP: 29/36 MP: 3/21
  2773 | D:3      | Killed Eddy6969's ghost
  2774 | D:3      | Reached skill level 9 in Spellcasting
  2778 | D:3      | Identified the +1 robe "Enirch" {-Cast Slay+6}
  2947 | D:4      | Found an ancient bone altar of Kikubaaqudgha.
  2953 | D:4      | Learned a level 4 spell: Iskenderun's Mystic Blast
  2958 | D:4      | Learned a level 4 spell: Summon Ice Beast
  3104 | D:4      | Reached skill level 1 in Summonings
  3140 | D:4      | Found a staircase to the Ecumenical Temple.
  3160 | Temple   | Entered the Ecumenical Temple
  3178 | Temple   | Became a worshipper of Vehumet
  3212 | D:5      | Entered Level 5 of the Dungeon
  3502 | D:4      | Reached XP level 8. HP: 16/41 MP: 1/23
  3606 | D:5      | Found Bosir's Lightly-Used Armoury.
  3631 | D:5      | Upgraded the game from 0.31-a0-176-g91f28db67f to
                  | 0.31-a0-177-g4aa6249778
  3737 | D:5      | Found a one-way gate to the infinite horrors of the Abyss.
  3737 | D:5      | Found a corrupted altar of Lugonu.
  4136 | D:6      | HP: 1/41 [ice beast (13)]
  4137 | D:6      | Reached skill level 1 in Ice Magic
  4304 | D:6      | Found Serch's Assorted Antiques.
  4313 | D:6      | Found Pefes's General Store.
  4384 | D:6      | Reached * piety under Vehumet
  4384 | D:6      | Offered knowledge of Freeze by Vehumet.
  4413 | D:6      | Reached skill level 5 in Summonings
  4466 | D:6      | Reached skill level 10 in Spellcasting
  4642 | D:6      | Bought a scroll labelled WOKLAE EDOIZIH for 29 gold pieces
  4642 | D:6      | Bought a forked lead wand for 116 gold pieces
  4652 | D:6      | Bought a scroll of identify for 28 gold pieces
  4652 | D:6      | Bought a potion of cancellation for 112 gold pieces
  4753 | D:6      | Found Citedusm's Antique Armour Shop.
  4811 | D:6      | Noticed a troll
  4833 | D:6      | Killed a troll
  4834 | D:6      | Reached XP level 9. HP: 26/45 MP: 0/25
  5180 | D:6      | Found Pamy's Magic Scroll Emporium.
  5196 | D:6      | Bought a scroll of teleportation for 33 gold pieces
  5291 | D:6      | Found Ehirph's Book Emporium.
  5400 | D:6      | Paralysed by something for 2 turns
  5990 | D:7      | Reached ** piety under Vehumet
  5990 | D:7      | Offered knowledge of Sandblast by Vehumet.
  5992 | D:7      | Found a glowing golden altar of the Shining One.
  6168 | D:7      | Found a snail-covered altar of Cheibriados.
  6169 | D:7      | Found a shimmering altar of Xom.
  6571 | D:7      | Found a hide-covered altar of Uskayaw.
  6598 | D:7      | Reached skill level 11 in Spellcasting
  6972 | D:8      | Identified the +8 sling of the Shark {antimagic, Fly rF+
                  | SInv}
  7023 | D:8      | Found a burning altar of Makhleb.
  7077 | D:8      | Noticed Maurice
  7108 | D:9      | Learned a level 3 spell: Swiftness
  7242 | D:9      | Reached XP level 10. HP: 50/50 MP: 19/27
  7300 | D:10     | Entered Level 10 of the Dungeon
  7309 | D:10     | Found an ornate altar of the Wu Jian Council.
  7461 | D:10     | Noticed mitkoXXVII's ghost (journeyman OgAE)
  7461 | D:10     | Noticed a yaktaur captain
  7462 | D:10     | Found a runed translucent gate.
  7463 | D:10     | Found a runed translucent gate.
  7464 | D:10     | Found a runed translucent gate.
  7528 | D:10     | Reached skill level 5 in Ice Magic
  7546 | D:10     | Found a flagged portal.
  7559 | D:10     | Offered knowledge of Mephitic Cloud by Vehumet.
  7585 | Bailey   | Entered a bailey
  7700 | Bailey   | Reached *** piety under Vehumet
  8385 | D:9      | Found an opulent altar of Gozag.
  8555 | D:9      | Reached skill level 12 in Spellcasting
  8573 | D:9      | Found a staircase to the Lair.
  8583 | D:9      | Offered knowledge of Olgreb's Toxic Radiance by Vehumet.
  8589 | D:9      | Learned a level 4 spell: Olgreb's Toxic Radiance
  8719 | D:9      | Reached skill level 10 in Conjurations
  8959 | Lair:1   | Entered Level 1 of the Lair of Beasts
  8973 | Lair:1   | Noticed a cane toad
  8998 | Lair:1   | Killed a cane toad
  8999 | Lair:1   | Reached skill level 10 in Summonings
  9004 | Lair:1   | Reached skill level 1 in Poison Magic
  9288 | Lair:1   | Noticed a cane toad
  9298 | Lair:1   | Killed a cane toad
  9488 | Lair:1   | Noticed a black mamba
  9497 | Lair:1   | Killed a black mamba
  9501 | Lair:1   | Noticed a catoblepas
  9694 | Lair:1   | Killed a catoblepas
  9695 | Lair:1   | Reached XP level 11. HP: 47/55 MP: 13/29
  9853 | Lair:1   | Reached skill level 5 in Dodging
  9867 | Lair:1   | Identified the +8 rapier "Waogujir" {heavy, rC+}
  9920 | Lair:1   | Reached skill level 1 in Fighting
 10424 | Lair:1   | Noticed an eight-headed hydra
 10439 | Lair:1   | Killed an eight-headed hydra
 10488 | Lair:1   | Reached **** piety under Vehumet
 10492 | Lair:1   | Reached skill level 13 in Spellcasting
 10925 | Lair:2   | Found the ring of the Hare {EV+10}
 10941 | Lair:2   | Offered knowledge of Arcjolt by Vehumet.
 11192 | Lair:3   | Reached XP level 12. HP: 63/64 MP: 18/31
 11257 | Lair:3   | Noticed a seven-headed hydra
 11282 | Lair:3   | Killed a seven-headed hydra
 11337 | Lair:3   | Learned a level 5 spell: Arcjolt
 11420 | Lair:3   | Reached skill level 1 in Air Magic
 11425 | Lair:3   | Found a frozen archway.
 11435 | IceCv    | Entered an ice cave
 11544 | IceCv    | Reached skill level 14 in Spellcasting
 11599 | IceCv    | Reached skill level 5 in Stealth
 11689 | IceCv    | Identified the ring of Hiateumi {rElec rC+ rN+ Str-3}
 11828 | IceCv    | Reached skill level 1 in Shields
 11841 | IceCv    | Reached ***** piety under Vehumet
 11851 | IceCv    | Offered knowledge of Spellforged Servitor by Vehumet.
 11861 | IceCv    | Learned a level 7 spell: Spellforged Servitor
 12256 | Lair:3   | Identified a scroll of acquirement
 12260 | Lair:3   | Acquired 1012 gold pieces
 12733 | Lair:4   | Reached XP level 13. HP: 68/68 MP: 30/33
 12795 | Lair:4   | Gained mutation: You have an increased reservoir of magic.
                  | (+10% MP) [potion of mutation]
 12795 | Lair:4   | Gained mutation: You are clumsy. (Dex -2) [potion of
                  | mutation]
 12795 | Lair:4   | Gained mutation: You are frail. (-10% HP) [potion of
                  | mutation]
 12795 | Lair:4   | Gained mutation: You have large cloven feet. [potion of
                  | mutation]
 12813 | Lair:4   | Acquired the ring of Peace {rPois rF- rN+ Will+ rCorr}
 12890 | Lair:4   | Reached skill level 15 in Spellcasting
 13037 | Lair:4   | Found a staircase to the Slime Pits.
 13037 | Lair:4   | Found a viscous altar of Jiyva.
 13231 | Lair:4   | Offered knowledge of Sticky Flame by Vehumet.
 13738 | Lair:5   | Entered Level 5 of the Lair of Beasts
 13770 | Lair:4   | Noticed Josephine
 13778 | Lair:4   | Killed Josephine
 14010 | Lair:5   | Learned a level 4 spell: Sticky Flame
 14081 | Lair:5   | Identified the +0 helmet of Broken Taboos {Will+ Slay+3}
 14470 | Lair:5   | Reached skill level 16 in Spellcasting
 14490 | Lair:5   | Noticed a dire elephant
 14502 | Lair:5   | Killed a dire elephant
 14552 | Lair:5   | Reached skill level 5 in Fighting
 14876 | Lair:5   | Reached XP level 14. HP: 70/70 MP: 34/39
 15217 | Lair:5   | Offered knowledge of Conjure Ball Lightning by Vehumet.
 15285 | Lair:5   | Reached skill level 1 in Fire Magic
 15665 | Slime:1  | Entered Level 1 of the Pits of Slime
 15692 | Slime:2  | Noticed an acid blob
 15693 | Slime:2  | Upgraded the game from 0.31-a0-177-g4aa6249778 to
                  | 0.31-a0-180-g519b7de00c
 15812 | Lair:2   | Found a staircase to the Shoals.
 15821 | Shoals:1 | Entered Level 1 of the Shoals
 15940 | Lair:2   | Learned a level 6 spell: Conjure Ball Lightning
 16339 | Shoals:2 | Reached skill level 17 in Spellcasting
 16339 | Shoals:2 | Reached skill level 5 in Fire Magic
 17127 | Shoals:4 | Entered Level 4 of the Shoals
 17210 | Shoals:4 | Offered knowledge of Yara's Violent Unravelling by Vehumet.
 17211 | Shoals:4 | Reached skill level 10 in Dodging
 17212 | Shoals:4 | Reached XP level 15. HP: 72/75 MP: 33/42
 17264 | Shoals:4 | Got a barnacled rune of Zot
 17314 | Shoals:4 | Noticed Mara
 17637 | Shoals:3 | Reached skill level 18 in Spellcasting
 17662 | Shoals:3 | Learned a level 5 spell: Borgnjor's Vile Clutch
 17883 | Shoals:3 | Reached skill level 1 in Earth Magic
 17962 | Shoals:3 | Reached skill level 1 in Necromancy
 18414 | Shoals:1 | HP: 2/75 [centaur warrior/arrow (19)]
 18421 | Shoals:1 | Shot with an arrow by a centaur warrior

Illustrated notes

Levels and vault maps discovered:
D:1:      wheals_arrival_shading, layout_basic, hex_intersection
D:2:      minmay_roachtagon, layout_loops_cross, chequers_serial_rivers_small_b,
          minmay_unequal
D:3:      layout_basic, gammafunk_ghost_necromancy, portal_sewer_entry_f,
          uniq_sigmund, uniq_robin, uniq_terence
D:4:      layout_rooms, mainiacjoe_overflow_paths, minmay_temple_entry_arrows
D:5:      layout_rooms, minmay_shop_damaged, st_stairs_4,
          chequers_serial_rivers_large_a, amcnicky_altar_lugonu_corruption
D:6:      layout_gridville, serial_shops, shop, nicolae_shop_hallway_stairs,
          nicolae_shop_crystal, shop_fountains, shop, minmay_manual_mares
D:7:      layout_basic, mainiacjoe_overflow_brackets,
          amethyst_overflow_temple_binary, nicolae_tso_besieged_by_evil,
          nicolae_figureground_pulse
D:8:      minmay_the_grid_octo_tiled_octocenter
          [minmay_the_grid_octo_vomiting_pacman,
          minmay_the_grid_octo_checkerflower, minmay_the_grid_octo_odd_swirl,
          minmay_the_grid_octo_thin_diamonds,
          minmay_the_grid_octo_prize_square_snowflake,
          minmay_the_grid_square_5x5_two_walls_a,
          minmay_the_grid_square_5x5_two_walls_b,
          minmay_the_grid_square_5x5_inset, minmay_the_grid_square_5x5_longway],
          layout_basic, mainiacjoe_overflow_24_doors,
          nicolae_qazlal_eye_of_the_storm, uniq_maurice
D:9:      layout_basic, lemuel_crystal_altar, grunt_lair_entry_orc_guard_hut,
          nzn_life_drinkers
D:10:     layout_roguey, old_standard_altar, gammafunk_ghost_split,
          enter_bailey_2
D:11:     layout_gridville, erik_orc_4
Temple:   nicolae_temple_god_jail
Lair:1:   layout_small_grid, beast_lair_carwin_9, grunt_megastairs_5
Lair:2:   layout_regular_city, shoals_dummy_entry, guppyfry_snake_entry_garden,
          chequers_serial_rivers_micro_e
Lair:3:   cheibrodos_lair_river_kwai, layout_cave_shapes, portal_ice_cave_rime,
          grunt_megastairs_1
Lair:4:   nzn_winding_woodlands_small [nzn_winding_woodlands_5x15_zeroes,
          nzn_winding_woodlands_center_triple_pond,
          nzn_winding_woodlands_5x15_eye], layout_regular_city,
          minmay_slime_entry_oklob_open, uniq_josephine
Lair:5:   hangedman_lair_in_review, layout_gridlike,
          hangedman_lair_caniforms_friends
Shoals:1: layout_shoals, nicolae_shoals_water_booths
Shoals:2: layout_shoals, nzn_prometheus_bound
Shoals:3: layout_shoals
Shoals:4: shoals_end_grunt_garden, layout_shoals, shoals_ilsuiw_ice,
          uniq_polyphemus, uniq_mara
Slime:1:  layout_caves, nicolae_slime_ancient_tower_intersection
Slime:2:  layout_caves

Skill      XL: |  1  2  3  4  5  6  7  8  9 10 11 12 13 14 15 |
---------------+----------------------------------------------+-----
Spellcasting   | 4 5 6 7 8 9 10 11 12 13 14 16 17 18 | 18.1
Conjurations   | 5 6 7 8 9 10 11 12 13 14 | 14.0
Summonings     | 2 6 8 10 11 13 | 13.0
Ice Magic      | 2 4 6 7 |  7.0
Dodging        | 4 8 10 11 | 11.0
Poison Magic   | 2 4 |  4.6
Fighting       | 3 5 6 |  6.0
Stealth        | 3 5 7 |  7.2
Air Magic      | 4 |  4.0
Shields        | 3 |  3.3
Fire Magic     | 5 |  5.4
Earth Magic    | 3 |  3.7
Necromancy     | 2 |  2.6

Action                     |  1- 3 |  4- 6 |  7- 9 | 10-12 | 13-15 || total
---------------------------+-------+-------+-------+-------+-------++-------
  Melee: Club              |     8 |       |       |       |       ||     8
         Short sword       |       |    61 |    24 |       |       ||    85
         Halberd           |       |       |       |     7 |       ||     7
         Rapier            |       |       |       |    23 |     2 ||    25
         Staff             |       |       |       |       |     9 ||     9
         Kick              |       |       |       |       |     3 ||     3
  Throw: Boomerang         |       |       |       |       |     1 ||     1
   Cast: Magic Dart        |    68 |   130 |   138 |    25 |       ||   361
         Searing Ray       |       |    10 |     5 |    34 |     5 ||    54
         Fulminant Prism   |       |     2 |    69 |    57 |    32 ||   160
         Summon Ice Beast  |       |       |    19 |    51 |     1 ||    71
         Iskenderun's Myst |       |       |     8 |    88 |    94 ||   190
         Dazzling Flash    |       |       |     1 |     6 |     4 ||    11
         Swiftness         |       |       |       |     8 |     4 ||    12
         Olgreb's Toxic Ra |       |       |       |    17 |    19 ||    36
         Spellforged Servi |       |       |       |     5 |    62 ||    67
         Arcjolt           |       |       |       |     3 |    69 ||    72
         Conjure Ball Ligh |       |       |       |       |     8 ||     8
  Evoke: Wand              |       |       |       |     7 |     1 ||     8
    Use: Potion            |       |     1 |     3 |     9 |    12 ||    25
         Scroll            |       |       |    14 |     9 |    19 ||    42
   Stab: Sleeping          |       |       |       |       |     1 ||     1
 Armour: Robe              |     6 |    19 |    33 |    20 |    14 ||    92
  Dodge: Dodged            |    11 |    56 |    63 |   147 |   147 ||   424
  Block: Other             |       |       |       |    10 |       ||    10
         Reflection        |       |       |       |     1 |       ||     1
         Buckler           |       |       |       |     6 |    32 ||    38

Table legend: (Time is in decaauts)
 A = Elapsed time spent in this place.
 B = Non-inter-level travel time spent in this place.
 C = Inter-level travel time spent in this place.
 D = Time resting spent in this place.
 E = Time spent auto-exploring this place.
 F = Levels seen in this place.
 G = Mean time per level.
                   A        B        C        D        E       F      G
               +--------+--------+--------+--------+--------+-----+--------+
         Total |  18639 |  17941 |    698 |   3683 |   7422 |  26 |  716.9 |
       Dungeon |   8388 |   8004 |    384 |   1134 |   4477 |  11 |  762.5 |
        Temple |     35 |     34 |      1 |      0 |      7 |   1 |   35.0 |
          Lair |   6350 |   6161 |    189 |   1283 |   2302 |   5 | 1270.0 |
        Shoals |   2565 |   2445 |    120 |    915 |    384 |   4 |  641.2 |
    Slime Pits |     42 |     40 |      2 |      0 |      0 |   2 |   21.0 |
         Sewer |    584 |    584 |      0 |    258 |    165 |   1 |  584.0 |
        Bailey |    134 |    134 |      0 |     64 |      0 |   1 |  134.0 |
      Ice Cave |    538 |    538 |      0 |     29 |     86 |   1 |  538.0 |
               +--------+--------+--------+--------+--------+-----+--------+

Top non-repeatable levels by time:
  Lair:1: 1839 daAuts
  Lair:5: 1727 daAuts
     D:6: 1678 daAuts
  Lair:4: 1287 daAuts
     D:7: 1125 daAuts
     D:2: 1124 daAuts
  Lair:3: 1120 daAuts
     D:9: 1050 daAuts
Shoals:3: 1028 daAuts
Shoals:2: 926 daAuts
     D:3: 730 daAuts
     D:4: 719 daAuts
    D:10: 668 daAuts
   Sewer: 584 daAuts
   IceCv: 538 daAuts
